| TOP OF THE 1ST |
|
Lansing Lugnuts batting - Pitching for Charleston RiverDogs : LHP Colin Scott
|
|
Pitching: LHP Colin Scott
|
|
|
Batting: RHB Kennet Strijbis
|
0-0: Ball 1-0: Ball 2-0: Called Strike 2-1: Swinging Strike 2-2: Ground out 5-3 (Groundball, 56S, EV 90.6 MPH)
|
|
Batting: RHB Carlos Renteria
|
0-0: Ball 1-0: Ball 2-0: Called Strike 2-1: Called Strike 2-2: Foul Ball, location: 2F 2-2: Ball 3-2: SINGLE (Line Drive, 9S, EV 98.8 MPH)
|
|
Batting: RHB James Boynton
|
0-0: Called Strike 0-1: Ball 1-1: Fly out, F9 (Flyball, 89M, EV 95.0 MPH)
|
|
Batting: LHB Marc Carter
|
0-0: Ball 1-0: Ball 2-0: Ball 3-0: Called Strike 3-1: Called Strike 3-2: SINGLE (Groundball, P, EV 80.6 MPH) (infield hit) Carlos Renteria to second
|
|
Batting: RHB Freddy Quintero
|
0-0: Ball 1-0: Ball 2-0: Called Strike 2-1: Fielders Choice at 2nd, 6-4 (Groundball, 6, EV 100.6 MPH)
|
| Top of the 1st over - 0 runs, 2 hits, 0 errors, 2 left on base; Lansing 0 - Charleston 0 |
| BOTTOM OF THE 1ST |
|
Charleston RiverDogs batting - Pitching for Lansing Lugnuts : RHP William Cordero
|
|
Pitching: RHP William Cordero
|
|
|
Batting: LHB Ernesto Abreu
|
0-0: Called Strike 0-1: Ball 1-1: Foul Ball, location: 2F 1-2: Strikes out swinging
|
|
Batting: LHB Joe Vida
|
0-0: Fly out, F8 (Flyball, 8LS, EV 82.5 MPH)
|
|
Batting: LHB Marc Durgin
|
0-0: Fly out, F9 (Flyball, 9D, EV 98.8 MPH)
|
| Bottom of the 1st over - 0 runs, 0 hits, 0 errors, 0 left on base; Lansing 0 - Charleston 0 |
| TOP OF THE 2ND |
|
Lansing Lugnuts batting - Pitching for Charleston RiverDogs : LHP Colin Scott
|
|
Batting: RHB Butch Koglin
|
0-0: Ball 1-0: Foul Ball, location: 2F 1-1: Swinging Strike 1-2: Ball 2-2: Strikes out swinging
|
|
Batting: RHB Brian Manson
|
0-0: Ball 1-0: Ball 2-0: SINGLE (Groundball, 6MD, EV 98.1 MPH)
|
|
Batting: LHB Roger Escareno
|
0-0: Hit by Pitch Brian Manson to second
|
|
Batting: LHB Timo Gomez
|
0-0: Ball 1-0: Ball 2-0: Ball 3-0: Called Strike 3-1: Base on Balls Brian Manson to third Roger Escareno to second
|
|
Batting: RHB Kennet Strijbis
|
0-0: Ball 1-0: Foul Ball, location: 2F 1-1: Ball 2-1: Foul Ball, location: 2F 2-2: Strikes out swinging
|
|
Batting: RHB Carlos Renteria
|
0-0: SINGLE (Groundball, 56D, EV 98.8 MPH) Brian Manson scores Roger Escareno to third Timo Gomez to second Runner from 3rd tries for Home, SAFE, throw by LF to home
|
|
Batting: RHB James Boynton
|
0-0: Called Strike 0-1: Foul Ball, location: 2F 0-2: Ball 1-2: Strikes out swinging
|
| Top of the 2nd over - 2 runs, 2 hits, 0 errors, 2 left on base; Lansing 2 - Charleston 0 |
| BOTTOM OF THE 2ND |
|
Charleston RiverDogs batting - Pitching for Lansing Lugnuts : RHP William Cordero
|
|
Batting: RHB Iften Olujimi
|
0-0: Ball 1-0: Foul Ball, location: 2F 1-1: Swinging Strike 1-2: Ball 2-2: TRIPLE (Line Drive, 89XD, EV 108.8 MPH)
|
|
Batting: RHB Mike Zern
|
0-0: Foul Ball, location: 2F 0-1: Fly out, F9 (Line Drive, 89M, EV 103.8 MPH)
|
|
Batting: RHB Jeff McClellan
|
0-0: Called Strike 0-1: Ground out 4-3 (Groundball, 4, EV 83.8 MPH) Iften Olujimi scores
|
|
Batting: RHB Nate Singleton
|
0-0: Called Strike 0-1: Ball 1-1: TRIPLE (Flyball, 7D, EV 103.1 MPH)
|
|
Batting: RHB Michael Patterson
|
0-0: Ball 1-0: Called Strike 1-1: Foul Ball, location: 2F 1-2: Fly out, F8 (Line Drive, 8LM, EV 90.6 MPH)
|
| Bottom of the 2nd over - 1 run, 2 hits, 0 errors, 1 left on base; Lansing 2 - Charleston 1 |
| TOP OF THE 3RD |
|
Lansing Lugnuts batting - Pitching for Charleston RiverDogs : LHP Colin Scott
|
|
Batting: LHB Marc Carter
|
0-0: Ball 1-0: Ball 2-0: Ball 3-0: Swinging Strike 3-1: Foul Ball, location: 2F 3-2: Foul Ball, location: 2F 3-2: Foul Ball, location: 2F 3-2: Ground out 4-3 (Groundball, 34, EV 105.6 MPH)
|
|
Batting: RHB Freddy Quintero
|
0-0: Ball 1-0: Ball 2-0: Ground out 4-3 (Groundball, 4, EV 91.9 MPH)
|
|
Batting: RHB Butch Koglin
|
0-0: Ball 1-0: Fly out, F8 (Flyball, 8RD, EV 90.6 MPH)
|
| Top of the 3rd over - 0 runs, 0 hits, 0 errors, 0 left on base; Lansing 2 - Charleston 1 |
| BOTTOM OF THE 3RD |
|
Charleston RiverDogs batting - Pitching for Lansing Lugnuts : RHP William Cordero
|
|
Batting: LHB Andrew Davis
|
0-0: Swinging Strike 0-1: Called Strike 0-2: Foul Ball, location: 2F 0-2: Ball 1-2: Foul Ball, location: 2F 1-2: Strikes out swinging
|
|
Batting: LHB Ernesto Abreu
|
0-0: Called Strike 0-1: Called Strike 0-2: Ball 1-2: Hit by Pitch
|
|
Batting: LHB Joe Vida
|
0-0: Ball 1-0: SINGLE (Groundball, 6M, EV 101.2 MPH) (infield hit) Ernesto Abreu to second
|
|
Batting: LHB Marc Durgin
|
0-0: Ball 1-0: Ball 2-0: Called Strike 2-1: Swinging Strike 2-2: Strikes out swinging
|
|
Batting: RHB Iften Olujimi
|
0-0: Called Strike 0-1: Ground out 5-3 (Groundball, 56, EV 106.2 MPH)
|
| Bottom of the 3rd over - 0 runs, 1 hit, 0 errors, 2 left on base; Lansing 2 - Charleston 1 |
| TOP OF THE 4TH |
|
Lansing Lugnuts batting - Pitching for Charleston RiverDogs : LHP Colin Scott
|
|
Batting: RHB Brian Manson
|
0-0: Ball 1-0: Called Strike 1-1: Ball 2-1: Swinging Strike 2-2: Foul Ball, location: 2F 2-2: Foul Ball, location: 2F 2-2: Hit by Pitch
|
|
Batting: LHB Roger Escareno
|
0-0: Ground out 4-3 (Groundball, 4S, EV 68.8 MPH) Brian Manson to second
|
|
Batting: LHB Timo Gomez
|
0-0: Ball Brian Manson steals 3rd base 1-0: Called Strike 1-1: Called Strike 1-2: Strikes out swinging
|
|
Batting: RHB Kennet Strijbis
|
0-0: Ball 1-0: Foul Ball, location: 2F 1-1: Called Strike 1-2: Ball 2-2: Ball 3-2: Foul Ball, location: 2F 3-2: Foul Ball, location: 2F 3-2: Foul Ball, location: 2F 3-2: Base on Balls
|
|
Batting: RHB Carlos Renteria
|
0-0: Ball 1-0: Foul Ball, location: 2F 1-1: Called Strike 1-2: Ball 2-2: SINGLE (Line Drive, 89S, EV 99.4 MPH) Brian Manson scores Kennet Strijbis to second
|
|
Batting: RHB James Boynton
|
0-0: Called Strike 0-1: Swinging Strike 0-2: Strikes out swinging
|
| Top of the 4th over - 1 run, 1 hit, 0 errors, 2 left on base; Lansing 3 - Charleston 1 |
| BOTTOM OF THE 4TH |
|
Charleston RiverDogs batting - Pitching for Lansing Lugnuts : RHP William Cordero
|
|
Batting: RHB Mike Zern
|
0-0: Called Strike 0-1: Fly out, F9 (Flyball, 9, EV 80.0 MPH)
|
|
Batting: RHB Jeff McClellan
|
0-0: Called Strike 0-1: DOUBLE (Line Drive, 7LM, EV 110.0 MPH)
|
|
Batting: RHB Nate Singleton
|
0-0: Fly out, F7 (Flyball, 78S, EV 88.8 MPH)
|
|
Batting: RHB Michael Patterson
|
0-0: Called Strike 0-1: Fly out, F7 (Flyball, 78M, EV 96.2 MPH)
|
| Bottom of the 4th over - 0 runs, 1 hit, 0 errors, 1 left on base; Lansing 3 - Charleston 1 |
| TOP OF THE 5TH |
|
Lansing Lugnuts batting - Pitching for Charleston RiverDogs : LHP Colin Scott
|
|
Batting: LHB Marc Carter
|
0-0: Ball 1-0: Swinging Strike 1-1: Ball 2-1: SINGLE (Groundball, 25, EV 68.8 MPH) (infield hit)
|
|
Batting: RHB Freddy Quintero
|
0-0: Grounds into double play, 3-6-3 (Groundball, 3S, EV 88.8 MPH)
|
|
Pitching: RHP Austin Trzcinski
|
|
|
Batting: RHB Butch Koglin
|
0-0: Ball 1-0: Ball 2-0: Called Strike 2-1: Foul Ball, location: 2F 2-2: Ball 3-2: Ground out 4-3 (Groundball, 4, EV 87.5 MPH)
|
| Top of the 5th over - 0 runs, 1 hit, 0 errors, 0 left on base; Lansing 3 - Charleston 1 |
| BOTTOM OF THE 5TH |
|
Charleston RiverDogs batting - Pitching for Lansing Lugnuts : RHP William Cordero
|
|
Batting: LHB Andrew Davis
|
0-0: Ball 1-0: Called Strike 1-1: SINGLE (Groundball, 13S, EV 68.1 MPH) (infield hit)
|
|
Batting: LHB Ernesto Abreu
|
0-0: Called Strike 0-1: Fly out, F8 (Flyball, 78S, EV 94.4 MPH)
|
|
Batting: LHB Joe Vida
|
0-0: Ball 1-0: Called Strike 1-1: Ball 2-1: Foul Ball, location: 2F 2-2: Strikes out swinging
|
|
Batting: LHB Marc Durgin
|
0-0: Called Strike 0-1: Ball 1-1: Fielders Choice at 2nd, U4 (Groundball, 4M, EV 85.0 MPH)
|
| Bottom of the 5th over - 0 runs, 1 hit, 0 errors, 1 left on base; Lansing 3 - Charleston 1 |
| TOP OF THE 6TH |
|
Lansing Lugnuts batting - Pitching for Charleston RiverDogs : RHP Austin Trzcinski
|
|
Batting: RHB Brian Manson
|
0-0: SINGLE (Flyball, 3D, EV 93.8 MPH)
|
|
Batting: LHB Roger Escareno
|
0-0: Ball 1-0: Ball 2-0: TRIPLE (Flyball, 89XD, EV 95.6 MPH) Brian Manson scores
|
|
Batting: LHB Timo Gomez
|
0-0: Intentional Walk
|
|
Batting: RHB Kennet Strijbis
|
0-0: Fielders Choice at 2nd, 5-4 (Groundball, 5S, EV 81.2 MPH) Roger Escareno scores
|
|
Batting: RHB Carlos Renteria
|
0-0: Called Strike 0-1: Ball Kennet Strijbis is caught stealing 2nd base 2-4 1-1: Ground out U3 (Groundball, 34, EV 82.5 MPH)
|
| Top of the 6th over - 2 runs, 2 hits, 0 errors, 0 left on base; Lansing 5 - Charleston 1 |
| BOTTOM OF THE 6TH |
|
Charleston RiverDogs batting - Pitching for Lansing Lugnuts : RHP William Cordero
|
|
Batting: RHB Iften Olujimi
|
0-0: Ball 1-0: Ball 2-0: Fly out, F7 (Line Drive, 7S, EV 104.4 MPH)
|
|
Batting: RHB Mike Zern
|
0-0: Called Strike 0-1: SINGLE (Line Drive, 6, EV 95.0 MPH)
|
|
Batting: RHB Jeff McClellan
|
0-0: Ball 1-0: Ground out 4-3 (Groundball, 34S, EV 80.6 MPH) Mike Zern to second
|
|
Batting: RHB Nate Singleton
|
0-0: Ground out 4-3 (Groundball, 4, EV 107.5 MPH)
|
| Bottom of the 6th over - 0 runs, 1 hit, 0 errors, 1 left on base; Lansing 5 - Charleston 1 |
| TOP OF THE 7TH |
|
Lansing Lugnuts batting - Pitching for Charleston RiverDogs : RHP Austin Trzcinski
|
|
Batting: RHB James Boynton
|
0-0: Ball 1-0: Ball 2-0: Foul Ball, location: 2F 2-1: Ball 3-1: Foul Ball, location: 2F 3-2: Base on Balls
|
|
Batting: LHB Marc Carter
|
0-0: Called Strike 0-1: Foul Ball, location: 2F 0-2: Ball 1-2: Ball 2-2: Fielders Choice at 2nd, 4-6 (Groundball, 34S, EV 86.2 MPH)
|
|
Batting: RHB Freddy Quintero
|
0-0: Swinging Strike 0-1: Foul Ball, location: 2F 0-2: Ball 1-2: Strikes out swinging
|
|
Batting: RHB Butch Koglin
|
Pickoff Throw to First - Out! 1-3
|
| Top of the 7th over - 0 runs, 0 hits, 0 errors, 0 left on base; Lansing 5 - Charleston 1 |
| BOTTOM OF THE 7TH |
|
Charleston RiverDogs batting - Pitching for Lansing Lugnuts : RHP William Cordero
|
|
Now in LF: Timo Gomez
|
|
|
Now in RF: Ricky Carbajal
|
|
|
Batting: RHB Michael Patterson
|
0-0: Foul Ball, location: 2F 0-1: Called Strike 0-2: Ball 1-2: Ball 2-2: Strikes out swinging
|
|
Batting: LHB Andrew Davis
|
0-0: Ball 1-0: Called Strike 1-1: Ground out 6-3 (Groundball, 4M, EV 78.8 MPH)
|
|
Batting: LHB Ernesto Abreu
|
0-0: Ball 1-0: Fly out, F8 (Flyball, 8RD, EV 82.5 MPH)
|
| Bottom of the 7th over - 0 runs, 0 hits, 0 errors, 0 left on base; Lansing 5 - Charleston 1 |
| TOP OF THE 8TH |
|
Lansing Lugnuts batting - Pitching for Charleston RiverDogs : RHP Austin Trzcinski
|
|
Batting: RHB Butch Koglin
|
0-0: Ball 1-0: Foul Ball, location: 2F 1-1: Ball 2-1: Foul Ball, location: 2F 2-2: Ball 3-2: Foul Ball, location: 2F 3-2: Fly out, F7 (Flyball, 7LS, EV 93.1 MPH)
|
|
Batting: RHB Brian Manson
|
0-0: Ball 1-0: Ball 2-0: Foul Ball, location: 2F 2-1: SINGLE (Line Drive, 4M, EV 103.1 MPH)
|
|
Pitching: LHP Dustin Shaw
|
|
|
Batting: LHB Roger Escareno
|
0-0: Ball 1-0: Called Strike 1-1: Ball 2-1: Grounds into double play, 6-4-3 (Groundball, 6, EV 78.8 MPH)
|
| Top of the 8th over - 0 runs, 1 hit, 0 errors, 0 left on base; Lansing 5 - Charleston 1 |
| BOTTOM OF THE 8TH |
|
Charleston RiverDogs batting - Pitching for Lansing Lugnuts : RHP William Cordero
|
|
Batting: LHB Joe Vida
|
0-0: Swinging Strike 0-1: Ball 1-1: Ball 2-1: DOUBLE (Line Drive, 5D, EV 99.4 MPH)
|
|
Batting: LHB Marc Durgin
|
0-0: Ball 1-0: Ground out 6-3 (Groundball, 6S, EV 65.0 MPH) Joe Vida to third
|
|
Batting: RHB Iften Olujimi
|
0-0: Ball 1-0: Foul Ball, location: 2F 1-1: Ball 2-1: Called Strike 2-2: Ground out 5-3 (Groundball, 5, EV 91.2 MPH)
|
|
Batting: RHB Mike Zern
|
0-0: Called Strike 0-1: Ball 1-1: Fly out, F3 (Popup, 3F, EV 66.9 MPH)
|
| Bottom of the 8th over - 0 runs, 1 hit, 0 errors, 1 left on base; Lansing 5 - Charleston 1 |
| TOP OF THE 9TH |
|
Lansing Lugnuts batting - Pitching for Charleston RiverDogs : LHP Dustin Shaw
|
|
Batting: LHB Timo Gomez
|
0-0: Called Strike 0-1: Called Strike 0-2: Ball 1-2: SINGLE (Groundball, 56D, EV 108.8 MPH)
|
|
Batting: RHB Kennet Strijbis
|
0-0: Ball 1-0: Called Strike 1-1: Called Strike Timo Gomez steals 2nd base 1-2: SINGLE (Groundball, 34D, EV 108.8 MPH) Timo Gomez to third Runner from 3rd tries for Home, SAFE, throw by RF to home Kennet Strijbis to second
|
|
Batting: RHB Carlos Renteria
|
0-0: Called Strike 0-1: Ball 1-1: Foul Ball, location: 2F 1-2: Ball 2-2: Ball 3-2: Base on Balls
|
|
Batting: RHB James Boynton
|
0-0: Called Strike Kennet Strijbis steals 3rd base Carlos Renteria to second 0-1: Called Strike 0-2: Ball 1-2: Ball 2-2: Strikes out swinging
|
|
Batting: RHB Ricky Carbajal
|
0-0: Ground out 5-3 (Groundball, 56S, EV 84.4 MPH) Kennet Strijbis scores
|
|
Batting: RHB Freddy Quintero
|
0-0: Called Strike 0-1: Foul Ball, location: 2F 0-2: Strikes out swinging
|
| Top of the 9th over - 2 runs, 2 hits, 0 errors, 1 left on base; Lansing 7 - Charleston 1 |
| BOTTOM OF THE 9TH |
|
Charleston RiverDogs batting - Pitching for Lansing Lugnuts : RHP William Cordero
|
|
Batting: RHB Jeff McClellan
|
0-0: Swinging Strike 0-1: Ball 1-1: Foul Ball, location: 2F 1-2: SINGLE (Line Drive, 5D, EV 96.2 MPH)
|
|
Batting: RHB Nate Singleton
|
0-0: Ball 1-0: Ball 2-0: Foul Ball, location: 2F 2-1: Called Strike 2-2: Grounds into double play, 6-4-3 (Groundball, 6, EV 104.4 MPH)
|
|
Pinch Hitting: LHB Jeremiah Walker
|
0-0: Ball 1-0: Foul Ball, location: 2F 1-1: Foul Ball, location: 2F 1-2: Ball 2-2: Ground out U3 (Groundball, 3, EV 88.8 MPH)
|
| Bottom of the 9th over - 0 runs, 1 hit, 0 errors, 0 left on base; Lansing 7 - Charleston 1 |
|